AoeStats
← KarleEgon

Arabia

506846294Analyzed
1v1 RM · 18d ago on Sep 15, 2026· 26m 50s· 2 players
Game mode
Random Map
Map size
Tiny (2 player)
Population
200
Speed
Normal
Resources
Standard
Victory
Conquest
Starting age
Dark Age
Ending age
Imperial Age
RankedLock teamsTeams togetherTeam positionsShared explorationLock speedFull tech treeHidden civsTurbo modeCheats
Victory
Defeat
🇩🇪 Malay · Germany
736
+15
🇮🇹 Burgundians · Italy
707
-15
baobabbio96
11:09 Feudal Age
9:25 Loom
10:04 Double-Bit Axe
11:26 Horse Collar
21:06 Castle Age
19:33 Gold Mining
19:36 Town Watch
20:51 Bow Saw
20:44 Heavy Plow
21:22 Gold Shaft Mining
21:05 Forging
21:02 Scale Barding Armor
KarleEgon
0:32 Loom
11:17 Feudal Age
10:48 Horse Collar
11:16 Double-Bit Axe
19:07 Castle Age
18:59 Scale Barding Armor
19:41 Forging
Connection lost

Rejoining the realm…

Still unreachable

The connection could not be restored.

Session expired

The server has moved on; the page needs a fresh start.